 Dungeon Crawl Stone Soup version 0.28-a0-1624-g820543e53a (webtiles) character file.

Game seed: 8075516069485641392

1257 jlumianski the Cleaver (level 8, -12/63 HPs)
             Began as a Hill Orc Monk on Jan 23, 2022.
             Was a Believer of Beogh.
             Mangled by an orc warrior (19 damage)
             ... on level 6 of the Dungeon.
             The game lasted 00:25:03 (7307 turns).

jlumianski the Cleaver (Hill Orc Monk)              Turns: 7307, Time: 00:25:03

Health: -12/63     AC: 12    Str: 16    XL:     8   Next: 51%
Magic:  9/9        EV:  8    Int: 10    God:    Beogh [**....]
Gold:   223        SH:  0    Dex: 19    Spells: 8/9 levels left

rFire   . . .      SeeInvis +   a - +0 hand axe
rCold   . . .      Faith    .   (no shield)
rNeg    . . .      Spirit   .   q - +0 chain mail
rPois   .          Reflect  .   g - +2 helmet
rElec   .          Harm     .   B - scarf {shadows}
rCorr   .          Rampage  .   (no gloves)
Will    +....                   (no boots)
Stlth   ..........              o - amulet of magic regeneration
HPRegen 0.20/turn               i - +6 ring of dexterity
MPRegen 0.51/turn               m - ring of see invisible

@: about to teleport
A: frail 1, strong-willed 1, subdued magic 1, MP-powered wands
a: Renounce Religion, Smiting


You were on level 6 of the Dungeon.
You worshipped Beogh.
Beogh was pleased with you.
You visited 1 branch of the dungeon, and saw 7 of its levels.

You collected 223 gold pieces.

Inventory:

Hand Weapons
 a - a +0 hand axe (weapon)
 e - a +1 dagger of electrocution
 v - a +0 dagger of venom
Missiles
 f - 100 bolts
 h - 74 stones
 p - 26 sling bullets
 t - a boomerang
 u - 2 poisoned darts (quivered)
Armour
 b - a +0 robe
 c - a +0 leather armour
 g - a +2 helmet (worn)
 j - a +0 pair of boots
 l - a +0 robe of fire resistance
 q - a +0 chain mail (worn)
 B - a scarf of shadows (worn)
Jewellery
 i - a +6 ring of dexterity (left hand)
 k - a ring of ice
 m - a ring of see invisible (right hand)
 o - an amulet of magic regeneration (around neck)
 A - a ring of positive energy
Scrolls
 s - 2 scrolls of noise
 y - a scroll of holy word
 z - 2 scrolls of identify
Potions
 d - 2 potions of brilliance
 n - a potion of attraction
 r - a potion of curing
 w - a potion of lignification


   Skills:
 + Level 6.3 Fighting
 + Level 9.2 Axes
 + Level 1.8 Throwing
 + Level 4.3 Armour
 + Level 3.1 Dodging
 + Level 2.4 Stealth
 + Level 1.0 Spellcasting
 + Level 1.5 Summonings


You had 8 spell levels left.
You knew the following spells:

 Your Spells              Type           Power      Damage    Failure   Level
a - Summon Small Mammal   Summ           8%         N/A       95%         1

Your spell library contained the following spells:

 Spells                   Type           Power      Damage    Failure   Level
 Animate Skeleton         Necr           0%         N/A       99%         1
 Apportation              Tloc           0%         N/A       99%         1
 Inner Flame              Hex/Fire       0%         N/A       100%        3
 Cause Fear               Hex            0%         N/A       100%        4
 Discord                  Hex            0%         N/A       100%        8


Dungeon Overview and Level Annotations

Branches:
Dungeon (7/15)             Temple (0/1) D:5

Altars:
Gozag

Shops:
D:6 (


Innate Abilities, Weirdness & Mutations

You are frail. (-10% HP)
You are strong-willed. (Will+)
Your spells are a little easier to cast, but a little less powerful.
You expend magic power (3 MP) to strengthen your wands.


Message History

The orc warrior shouts!
You hear a shout!
An orc priest comes into view. It is wielding a +0 mace.
The orc priest shouts!
You slash the orc!
You kill the orc!
Beogh accepts your kill.
The orc wizard hits you but does no damage.
You see here a +0 mace.
You barely miss the orc wizard.
An orc wizard comes into view. It is wielding a +0 dagger.
The orc wizard hits you but does no damage.
The orc wizard shouts!
You slash the orc wizard!
The orc wizard is heavily wounded.
The orc wizard barely misses you.
The orc priest mumbles some strange prayers to Beogh against you.
Beogh smites you!
You hit the orc wizard.
You kill the orc wizard!
Beogh accepts your kill.
The orc warrior hits you with a +0 battleaxe!
Things that are here:
a +0 dagger; a +0 robe You barely miss the orc warrior.
The orc warrior hits you but does no damage.
You completely miss the orc warrior.
The orc warrior hits you with a +0 battleaxe!
You barely miss the orc warrior. The orc warrior barely misses you.
You see here a +0 mace.
The orc wizard casts a spell.
The orc wizard flickers and vanishes for a moment.
The orc priest invokes the aid of Beogh against you.
Beogh smites you!
The orc priest calls down the wrath of Beogh upon you.
Beogh smites you!
* * * LOW HITPOINT WARNING * * *
As you read the scroll of teleportation, it crumbles to dust.
You feel strangely unstable.
The orc warrior hits you with a +0 battleaxe!!
You die...

#.# #.#...# #.# #.#...#
#.# #.#...# #.# #.#####
#.# #.#
##.####.#############.#
#..........oo...)).(..#
#######.###############
#.o@......# #########.#
#....<..#.# #.#######.#
#.#######.# #.........#
#########.# ###


You could see an orc warrior.

Vanquished Creatures
  A water moccasin (D:6)
  A black bear (D:6)
  A necrophage (D:5)
  An ogre (D:4)
  A centaur (D:7)
  2 phantoms (D:5)
  3 scorpions
  A water moccasin skeleton (D:5)
  A howler monkey (D:5)
  A jelly (D:5)
  2 centaur skeletons
  A hound (D:5)
  An iguana (D:4)
  A scorpion zombie (D:5)
  3 orc wizards
  3 adders
  A howler monkey skeleton (D:5)
  A shadow imp (D:5)
  A white imp (D:5)
  An ufetubus (D:5)
  An adder skeleton (D:5)
  4 dart slugs
  7 orcs
  9 bats
  5 endoplasms
  A giant cockroach (D:2)
  8 hobgoblins
  11 jackals
  7 kobolds
  4 quokkas (D:1)
  5 ball pythons
  4 frilled lizards
  6 goblins
  5 rats
105 creatures vanquished.

Vanquished Creatures (collateral kills)
  A goblin (D:3)
  A rat (D:3)
2 creatures vanquished.

Grand Total: 107 creatures vanquished

Notes
Turn   | Place    | Note
-------+----------+-------------------------------------------
     0 | D:1      | jlumianski the Hill Orc Monk began the quest for the Orb.
     0 | D:1      | Reached XP level 1. HP: 19/19 MP: 1/1
   214 | D:1      | Reached XP level 2. HP: 21/27 MP: 2/2
   830 | D:1      | Reached XP level 3. HP: 28/33 MP: 3/3
  1522 | D:2      | Found an opulent altar of Gozag.
  1766 | D:2      | Reached XP level 4. HP: 41/41 MP: 4/4
  1839 | D:2      | Reached skill level 5 in Axes
  2246 | D:3      | Learned a level 1 spell: Summon Small Mammal
  2378 | D:3      | Reached skill level 1 in Armour
  2714 | D:3      | Found a faded altar of an unknown god.
  3037 | D:4      | Noticed an ogre
  3067 | D:4      | Killed an ogre
  3068 | D:4      | Reached skill level 1 in Summonings
  3068 | D:4      | Reached XP level 5. HP: 21/47 MP: 5/5
  3077 | D:3      | Gained mutation: Your spells are a little easier to cast,
                  | but a little less powerful. [potion of mutation]
  3077 | D:3      | Gained mutation: You are frail. (-10% HP) [potion of
                  | mutation]
  3077 | D:3      | Gained mutation: You are strong-willed. (Will+) [potion of
                  | mutation]
  3077 | D:3      | Gained mutation: You expend magic power (3 MP) to
                  | strengthen your wands. [potion of mutation]
  3673 | D:4      | Became a worshipper of Beogh the Brigand
  3673 | D:4      | Reached * piety under Beogh
  3673 | D:4      | Reached ** piety under Beogh
  3893 | D:4      | Reached XP level 6. HP: 47/47 MP: 7/7
  3942 | D:5      | Entered Level 5 of the Dungeon
  3983 | D:6      | Noticed a necrophage
  4001 | D:5      | Killed a necrophage
  4002 | D:5      | Reached skill level 6 in Axes
  4002 | D:5      | Reached skill level 1 in Spellcasting
  4216 | D:4      | HP: 2/49 [poisoned by an orc wizard]
  5165 | D:5      | Reached skill level 5 in Fighting
  5165 | D:5      | Reached XP level 7. HP: 43/54 MP: 8/8
  5256 | D:5      | Reached skill level 7 in Axes
  5590 | D:5      | Found a staircase to the Ecumenical Temple.
  5782 | D:5      | Reached skill level 1 in Throwing
  6237 | D:5      | Reached skill level 8 in Axes
  6243 | D:5      | Reached XP level 8. HP: 42/63 MP: 9/9
  6887 | D:6      | Reached skill level 9 in Axes
  6887 | D:6      | Found Vugephah's Antique Weapon Shop.
  7307 | D:6      | Mangled by an orc warrior

Illustrated notes

Levels and vault maps discovered:
D:1:      eino_arrival_water_star, layout_loops_ring, serial_park_tiny_2,
          corexii_item_surrounded_by_moat, minmay_tripent
D:2:      layout_rooms, basic_altar
D:3:      minmay_inner_zag, layout_loops_cross,
          shapermc_ecumenical_altar_pompeii
D:4:      layout_basic
D:5:      minmay_spotlight, layout_loops_ring,
          minmay_temple_entry_gardened_gates
D:6:      layout_basic, serial_shops, nicolae_shop_overgrown_old_shop
D:7:      layout_loops_ring, serial_shops,
          nicolae_shop_competitors_out_of_business, minmay_misc_feat_rows,
          uniq_duvessa, uniq_maggie

Skill      XL: |  1  2  3  4  5  6  7  8 |
---------------+-------------------------+-----
Fighting       | 4 5 6 |  6.3
Axes           | 5 6 8 9 |  9.2
Armour         | 1 2 3 4 |  4.3
Stealth        | 2 |  2.4
Summonings     | 1 |  1.5
Dodging        | 3 |  3.1
Spellcasting   | 1 |  1.0
Throwing       | 1 |  1.8

Action                   |  1- 3 |  4- 6 |  7- 9 || total
-------------------------+-------+-------+-------++-------
Melee: Hand axe          |   144 |   173 |   161 ||   478
       Punch             |     1 |     3 |     5 ||     9
Throw: Stone             |    10 |    11 |       ||    21
       Dart              |       |     4 |    26 ||    30
 Cast: Summon Small Mamm |       |    13 |       ||    13
Invok: Convert to Beogh  |       |     1 |       ||     1
  Use: Potion            |     1 |     5 |       ||     6
       Scroll            |       |     3 |     3 ||     6
 Stab: Sleeping          |     3 |     4 |       ||     7
Armor: Robe              |    23 |       |       ||    23
       Leather armour    |    25 |    30 |       ||    55
       Chain mail        |       |    44 |    97 ||   141
Dodge: Dodged            |   108 |    84 |    77 ||   269

Table legend: (Time is in decaauts)
 A = Elapsed time spent in this place.
 B = Non-inter-level travel time spent in this place.
 C = Inter-level travel time spent in this place.
 D = Time resting spent in this place.
 E = Time spent auto-exploring this place.
 F = Levels seen in this place.
 G = Mean time per level.
                   A        B        C        D        E       F      G
               +--------+--------+--------+--------+--------+-----+--------+
         Total |   7325 |   7262 |     63 |   1934 |   2982 |   7 | 1046.4 |
       Dungeon |   7325 |   7262 |     63 |   1934 |   2982 |   7 | 1046.4 |
               +--------+--------+--------+--------+--------+-----+--------+

Top non-repeatable levels by time:
     D:5: 1560 daAuts
     D:4: 1512 daAuts
     D:1: 1375 daAuts
     D:3: 1317 daAuts
     D:2: 787 daAuts
     D:6: 728 daAuts
     D:7: 44 daAuts
